 Dungeon Crawl Stone Soup version 0.30-a0-860-g512cf1e979 (webtiles) character file.

Game seed: 16013711997818523777

4786 qeuew the Skirmisher (level 10, 0/60 HPs)
             Began as a Tengu Hunter on Mar 7, 2023.
             Was an Elder of Fedhas.
             Slain by a killer bee (3 damage)
             ... on level 8 of the Dungeon.
             The game lasted 00:11:49 (6864 turns).

qeuew the Skirmisher (Tengu Hunter)                 Turns: 6864, Time: 00:11:50

Health: 0/60       AC:  9    Str: 13    XL:     10   Next: 47%
Magic:  14/14      EV: 24    Int:  9    God:    Fedhas [****..]
Gold:   459        SH:  0    Dex: 21    Spells: 9/9 levels left

rFire   + . .      SeeInvis .    a - +1 shortbow
rCold   . . .      Faith    .    (shield currently unavailable)
rNeg    . . .      Spirit   .    s - +0 ring mail {rF+}
rPois   .          Reflect  .    (helmet restricted)
rElec   .          Rampage  .    (no cloak)
rCorr   +                        v - +2 pair of gloves
Will    .....                    (boots unavailable)
Stlth   +                        (no amulet)
HPRegen 0.30/turn                f - +5 ring of evasion
MPRegen 0.14/turn                l - ring of resist corrosion

@: about to teleport, flying quickly and evasively, quick
A: beak, talons 3, nimble flight
a: Renounce Religion, Wall of Briars, Grow Ballistomycete, Overgrow


You were on level 8 of the Dungeon.
You worshipped Fedhas.
Fedhas was greatly pleased with you.
You visited 2 branches of the dungeon, and saw 9 of its levels.

You collected 459 gold pieces.

Inventory:

Hand Weapons
 a - a +1 shortbow (weapon)
 g - a +1 falchion
Missiles
 t - 2 throwing nets
Armour
 s - a +0 ring mail of fire resistance (worn)
 v - a +2 pair of gloves (worn)
Jewellery
 f - a +5 ring of evasion (left hand)
 l - a ring of resist corrosion (right hand)
Wands
 o - a wand of flame (23)
 r - a wand of paralysis (8)
Scrolls
 b - 2 scrolls of enchant armour
 i - a scroll of silence
 j - a scroll of amnesia
 k - 2 scrolls of teleportation
 m - 3 scrolls of blinking
 q - a scroll of identify
 u - 2 scrolls of fog
Potions
 e - a potion of haste
 n - a potion of might


   Skills:
 + Level 5.7 Fighting
 + Level 4.8 Long Blades
 * Level 9.7 Ranged Weapons
 + Level 5.8 Armour
 * Level 8.9 Dodging
 - Level 1.0 Stealth
 + Level 4.1 Invocations


You had 9 spell levels left.
You didn't know any spells.
Your spell library contained the following spells:

 Spells                   Type           Power      Damage    Failure   Level
 Beastly Appendage        Tmut           0%         N/A       63%         1
 Slow                     Hex            0%         N/A       63%         1
 Wereblood                Tmut           0%         N/A       77%         2
 Confusing Touch          Hex            0%         N/A       94%         3
 Spider Form              Tmut/Pois      0%         N/A       94%         3
 Vampiric Draining        Necr           0%         2d6       94%         3
 Animate Armour           Summ/Erth      0%         N/A       100%        4
 Blade Hands              Tmut           0%         N/A       100%        5
 Iron Shot                Conj/Erth      0%         9d1       100%        6


Dungeon Overview and Level Annotations

Branches:
Dungeon (8/15)             Temple (1/1) D:4
   Lair: D:8-11

Altars:
Ashenzari
Cheibriados
Dithmenos
Fedhas
Hepliaklqana
Kikubaaqudgha
Makhleb
Nemelex Xobeh
Okawaru
Qazlal
Trog
Uskayaw
Xom
Yredelemnul
The Shining One


Innate Abilities, Weirdness & Mutations

You have a beak for a mouth.
You have claws for feet.
Your magical nature lets you fly swiftly and evasively.


Message History

The killer bee stings you but does no damage.
The killer bee stings you.
* * * LOW HITPOINT WARNING * * *
You are more poisoned.
The killer bee poisons you!
The killer bee stings you but does no damage.
Okay, then.
Blink to where?
Press: ? - help, Dir - move target, p - killer bee
Found 5 poisoned darts.
As you read the scroll of blinking, it crumbles to dust.
* * * LOW HITPOINT WARNING * * *
You feel very sick.
Fire: a) +1 shortbow
Press: ? - help, Q - select action, (/) - cycle Shift-Dir - straight line, f - killer bee
Aim: a killer bee (47% to hit)
You shoot an arrow. The arrow barely misses the killer bee.
The arrow hits the killer bee!
The killer bee is heavily wounded.
You feel sick.
As you read the scroll of fear, it crumbles to dust.
You assume a fearsome visage.
The killer bee looks frightened! x2
You feel sick.
You feel sick.
You feel sick.
Cornered, the killer bee turns to fight!
You feel sick.
You feel sick.
As you read the scroll of teleportation, it crumbles to dust.
You feel strangely unstable.
You feel sick. The killer bee misses you.
The killer bee attacks as you move away!
The killer bee stings you but does no damage.
You feel sick.
You are no longer poisoned.
The killer bee attacks as you move away!
The killer bee completely misses you. The killer bee misses you.
The killer bee attacks as you move away!
The killer bee stings you.
You die...
Fedhas appreciates your contribution to the ecosystem.

## .. .###
..# ###.#
#..@# ####y#
#....#
#######.####
...........#
....(..y...#
...........#
.........y.#
...........#


You could see a killer bee.

Vanquished Creatures
  Pikel (D:8)
  The ghost of sasquatch the Basher, a novice FoFi (D:6)
  A hornet (D:8)
  5 yaks (D:8)
  2 wyverns
  A water moccasin (D:5)
  3 black bears
  An orc warrior (D:5)
  4 ice beasts
  A sky beast (D:6)
  An ogre (D:6)
  A centaur (D:7)
  A lemure (D:8)
  A phantom (D:2)
  A scorpion (D:6)
  5 wights
  The ghost of avis the Shooter, a weakling DgHu (D:6)
  4 killer bees (D:8)
  3 howler monkeys (D:5)
  An electric eel (D:7)
  2 hounds
  2 iguanas (D:5)
  A jelly (D:5)
  3 orc priests
  3 orc wizards
  28 gnolls
  13 adders
  A white imp (D:7)
  4 worms
  A dart slug (D:3)
  38 orcs
  2 bats
  3 endoplasms
  3 giant cockroaches
  6 goblins
  6 hobgoblins
  14 jackals
  A quokka (D:2)
  15 ball pythons
  3 frilled lizards
  12 kobolds
  7 rats
207 creatures vanquished.

Vanquished Creatures (collateral kills)
  A kobold brigand (D:5)
  A gnoll (D:5)
2 creatures vanquished.

Vanquished Creatures (others)
  8 plants
  A withered plant (D:6)
9 creatures vanquished.

Grand Total: 218 creatures vanquished

Notes
Turn   | Place    | Note
-------+----------+-------------------------------------------
     0 | D:1      | qeuew the Tengu Hunter began the quest for the Orb.
     0 | D:1      | Reached XP level 1. HP: 12/12 MP: 2/2
   170 | D:1      | Reached XP level 2. HP: 17/17 MP: 3/3
   740 | D:1      | Identified a scroll of acquirement
   740 | D:1      | Acquired a +5 ring of evasion
   852 | D:2      | Noticed a phantom
   875 | D:2      | Killed a phantom
   876 | D:2      | Reached skill level 5 in Ranged Weapons
   876 | D:2      | Reached skill level 1 in Armour
   876 | D:2      | Reached XP level 3. HP: 19/22 MP: 4/4
   876 | D:2      | Reached XP level 4. HP: 24/27 MP: 5/5
  1168 | D:2      | Gained mutation: Your magical nature lets you fly swiftly
                  | and evasively. [Tengu growth]
  1168 | D:2      | Reached XP level 5. HP: 24/31 MP: 6/6
  1635 | D:3      | Found a hide-covered altar of Uskayaw.
  1744 | D:3      | Noticed a moth of wrath
  1748 | D:3      | Found a bloodstained altar of Trog.
  1891 | D:3      | Found a faded altar of an unknown god.
  2074 | D:3      | Found an iron altar of Okawaru.
  2212 | D:4      | Noticed a black bear
  2217 | D:4      | Killed a black bear
  2218 | D:4      | Reached XP level 6. HP: 37/37 MP: 7/7
  2514 | D:4      | Found a staircase to the Ecumenical Temple.
  2525 | D:4      | Reached skill level 6 in Ranged Weapons
  2532 | Temple   | Entered the Ecumenical Temple
  2581 | Temple   | Became a worshipper of Fedhas Madash
  2617 | D:4      | Noticed a black bear
  2626 | D:4      | Killed a black bear
  2627 | D:4      | Reached XP level 7. HP: 32/41 MP: 8/8
  2791 | D:4      | Reached skill level 5 in Dodging
  2920 | D:4      | Found an ancient bone altar of Kikubaaqudgha.
  3262 | D:5      | Entered Level 5 of the Dungeon
  3299 | D:5      | Reached skill level 1 in Invocations
  3554 | D:5      | Identified the ring of Oxtaoka {rPois rF- rN+ Will++}
  3571 | D:5      | Reached * piety under Fedhas
  3576 | D:5      | Reached skill level 1 in Long Blades
  3693 | D:5      | Reached XP level 8. HP: 48/48 MP: 10/10
  3828 | D:5      | Reached skill level 7 in Ranged Weapons
  3841 | D:5      | Noticed a wyvern
  3888 | D:5      | Reached ** piety under Fedhas
  4452 | D:5      | Killed a wyvern
  4497 | D:5      | Reached *** piety under Fedhas
  4666 | D:5      | HP: 2/48 [orc warrior/+0 long sword (12)]
  4768 | D:5      | Reached XP level 9. HP: 45/52 MP: 11/11
  4776 | D:5      | Reached skill level 8 in Ranged Weapons
  4806 | D:6      | Found a stormy altar of Qazlal.
  5298 | D:6      | Found a basalt altar of Yredelemnul.
  5408 | D:6      | Found a runed translucent gate.
  5408 | D:6      | Found a runed translucent gate.
  5408 | D:6      | Found a runed translucent gate.
  5409 | D:6      | Noticed avis's ghost (weakling DgHu)
  5409 | D:6      | Noticed sasquatch's ghost (novice FoFi)
  5523 | D:6      | Killed sasquatch's ghost
  5524 | D:6      | Reached skill level 5 in Fighting
  5524 | D:6      | Reached skill level 5 in Armour
  5549 | D:6      | Killed avis's ghost
  5966 | D:7      | Reached skill level 9 in Ranged Weapons
  6078 | D:7      | Reached XP level 10. HP: 40/59 MP: 13/13
  6179 | D:7      | Reached **** piety under Fedhas
  6423 | D:8      | Found a glowing golden altar of the Shining One.
  6456 | D:8      | Noticed Pikel
  6479 | D:8      | Killed Pikel
  6769 | D:8      | Identified the +3 long sword of Howir {pain, rF+ Int-3
                  | SInv}
  6862 | D:8      | HP: 3/60 [poisoned by a killer bee]
  6864 | D:8      | Slain by a killer bee

Illustrated notes

Levels and vault maps discovered:
D:1:      dpeg_arrival_water_temple_mockup, layout_loops_ring, serial_forest,
          infiniplex_forest_lined_3_way, infiniplex_forest_clump_C,
          infiniplex_forest_straight_5, infiniplex_forest_straight_2,
          infiniplex_forest_straight_3, infiniplex_forest_pool,
          infiniplex_forest_split
D:2:      layout_basic
D:3:      layout_rooms, mainiacjoe_overflow_six_doors_small, tgw_trog,
          eat_drink_and_be_merry_uskayaw, dreamdust_ecumenical_altar_statues
D:4:      layout_loops_ring, mainiacjoe_overflow_alcove_1,
          minmay_temple_entry_stoned_glass, minmay_snake_closets
D:5:      lemuel_castle_with_subvaults [lemuel_castle_interior_carwin_1],
          layout_basic
D:6:      layout_rooms, grunt_qazlal_clouds, lemuel_tele_altar,
          gammafunk_ghost_cemetery
D:7:      layout_cave_pools, serial_bayou_lagoon_a
D:8:      layout_basic, amcnicky_altar_gilded, enter_bailey_3, uniq_pikel
Temple:   dpeg_three_leaves_temple

Skill      XL: |  1  2  3  4  5  6  7  8  9 10 |
---------------+-------------------------------+-----
Ranged Weapons | 5 6 7 9 |  9.7
Armour         | 1 2 3 4 5 |  5.8
Dodging        | 3 4 5 6 8 |  8.9
Fighting       | 3 4 5 |  5.7
Invocations    | 1 2 3 4 |  4.1
Long Blades    | 1 2 4 |  4.8
Stealth        | |  1.0

Action                     |  1- 3 |  4- 6 |  7- 9 | 10-12 || total
---------------------------+-------+-------+-------+-------++-------
  Melee: Long sword        |       |       |    73 |       ||    73
         Kick              |       |       |    50 |     4 ||    54
         Peck              |       |       |    26 |     3 ||    29
         Falchion          |       |       |    64 |    10 ||    74
         Punch             |       |       |     2 |       ||     2
   Fire: Shortbow          |    61 |   191 |   394 |   120 ||   766
 Invoke: Wall of Briars    |       |       |     1 |       ||     1
    Use: Scroll            |     6 |     1 |     7 |     4 ||    18
         Potion            |     6 |     1 |     2 |     2 ||    11
   Stab: Invisible         |       |       |       |     2 ||     2
 Armour: Leather armour    |     8 |    30 |    54 |     2 ||    94
         Ring mail         |       |       |       |    15 ||    15
  Dodge: Dodged            |    30 |   155 |   474 |   188 ||   847

Table legend: (Time is in decaauts)
 A = Elapsed time spent in this place.
 B = Non-inter-level travel time spent in this place.
 C = Inter-level travel time spent in this place.
 D = Time resting spent in this place.
 E = Time spent auto-exploring this place.
 F = Levels seen in this place.
 G = Mean time per level.
                   A        B        C        D        E       F      G
               +--------+--------+--------+--------+--------+-----+--------+
         Total |   6704 |   6361 |    343 |      0 |   4874 |   9 |  744.9 |
       Dungeon |   6651 |   6315 |    336 |      0 |   4870 |   8 |  831.4 |
        Temple |     53 |     46 |      7 |      0 |      3 |   1 |   53.0 |
               +--------+--------+--------+--------+--------+-----+--------+

Top non-repeatable levels by time:
     D:5: 1474 daAuts
     D:4: 979 daAuts
     D:6: 912 daAuts
     D:2: 805 daAuts
     D:1: 782 daAuts
     D:7: 683 daAuts
     D:3: 569 daAuts
     D:8: 444 daAuts
  Temple: 53 daAuts
